[Event "Titled Tuesday Blitz February 14 Early 2023"]
[White "Dzhaparov, Medet"]
[Black "Forgacs, Attila Jr."]
[WhiteFideId "13803689"]
[BlackFideId "773654"]
[WhiteElo "1578"]
[BlackElo "2264"]
[Result "1/2-1/2"]
[Round "11"]
[TimeControl "180+2"]
[Date "2023.02.14"]
[WhiteClock "0:00:17"]
[BlackClock "0:00:12"]

1. e4 e5 2. Nf3 Nc6 3. Bc4 Nf6 4. Ng5 d5 5. exd5 Na5 6. Bb5+ c6 7. dxc6 bxc6 8. Ba4 h6 9. Nf3 e4 10. Ne5 Qd5 11. f4 exf3 12. Nxf3 Bd6 13. O-O O-O 14. d4 Bg4 15. Nc3 Qh5 16. h3 Bf5 17. Be3 Nc4 18. Bf2 Nxb2 19. Qc1 Nxa4 20. Nxa4 Bxh3 21. gxh3 Qxf3 22. Qe3 Qh5 23. Rae1 Rae8 24. Qb3 Qg5+ 25. Kh1 Qf4 26. Bg1 Qh4 27. Rxe8 Rxe8 28. Qf3 Re1 29. Rxe1 Qxe1 30. Qxc6 Bg3 31. Qg2 Bh4 32. Nc5 Qe7 33. c4 Qe1 34. Qa8+ Kh7 35. Qg2 Nh5 36. Qe4+ Qxe4+ 37. Nxe4 Ng3+ 38. Nxg3 Bxg3 39. c5 Kg6 40. d5 Kf6 41. Bd4+ Ke7 42. Bxg7 Bf2 43. c6 Bg3 44. Bxh6 Kd6 45. Be3 Kxd5 46. Bxa7 Kxc6 47. Kg2 Bh4 48. Kf3 Be1 49. Kg4 Kb5 50. h4 Bxh4 51. Kxh4 Ka6 52. Bc5 Kb7 53. Bb4 Ka8 54. a3 f5 55. Kg5 Kb7 56. Kxf5 Ka8 57. Ke5 Kb8 58. Kd5 Ka8 59. Kc5 Kb8 60. Kb6 Ka8 61. a4 Kb8 62. a5 Ka8 63. a6 Kb8 64. a7+ Ka8 65. Ka6 1/2-1/2


[Site "https://www.chess.com"]

[Event "Titled Tuesday Blitz February 14 Early 2023"]
[White "Enkhtuul, Altan-Ulzii"]
[Black "Smith, Garrett L"]
[WhiteFideId "4901444"]
[BlackFideId "2024829"]
[WhiteElo "2254"]
[BlackElo "2047"]
[Result "1-0"]
[Round "11"]
[TimeControl "180+2"]
[Date "2023.02.14"]
[WhiteClock "0:00:12"]
[BlackClock "0:00:07"]

1. d4 Nf6 2. Nc3 d5 3. Bf4 e6 4. e3 Be7 5. Bd3 O-O 6. Nge2 c5 7. dxc5 Bxc5 8. Bg5 Nbd7 9. O-O a6 10. Nd4 b5 11. Nb3 Bd6 12. e4 b4 13. Ne2 h6 14. Bxf6 Nxf6 15. exd5 Nxd5 16. Ng3 Bb7 17. Be4 Be5 18. Rb1 Qd6 19. Na5 Qb6 20. Nxb7 Qxb7 21. c4 bxc3 22. bxc3 Qc6 23. Rc1 Qc4 24. Qf3 Rac8 25. Bd3 Qxa2 26. Qe4 f6 27. Qh7+ Kf7 28. Bg6+ Ke7 29. Qxg7+ Kd6 30. Ne4+ Kc6 31. c4 Nf4 32. Qe7 Nxg6 33. Qxe6+ Kc7 34. Rfd1 Rfd8 35. Qf7+ Kb8 36. Rb1+ Bb2 37. Qxg6 Rxd1+ 38. Rxd1 Qxc4 39. Nd6 Qc1 40. Qg4 Rc6 41. h3 Qc5 42. Nf7 Qe7 43. Rd8+ Ka7 44. Rd7+ 1-0


[Site "https://www.chess.com"]

[Event "Titled Tuesday Blitz February 14 Early 2023"]
[White "Lesbekova, Assel"]
[Black "Mirzanurov, Bulat"]
[WhiteFideId "13713248"]
[BlackFideId "4184521"]
[WhiteElo "1772"]
[BlackElo "2232"]
[Result "1-0"]
[Round "11"]
[TimeControl "180+2"]
[Date "2023.02.14"]
[WhiteClock "0:01:02"]
[BlackClock "0:00:08"]

1. e4 c5 2. Nc3 d6 3. Nge2 Nf6 4. d4 cxd4 5. Nxd4 a6 6. f3 e5 7. Nb3 Be6 8. g4 h6 9. Be3 Be7 10. Nd5 Bxd5 11. exd5 Nbd7 12. a4 e4 13. Bg2 exf3 14. Bxf3 Ne5 15. Be2 Qd7 16. h3 O-O 17. O-O b5 18. axb5 axb5 19. Qd4 Rac8 20. Ra7 Rc7 21. Rfa1 Rfc8 22. Bd3 Nxd3 23. Qxd3 Rxa7 24. Rxa7 Rc7 25. Rxc7 Qxc7 26. c3 Qc4 27. Qxc4 bxc4 28. Na5 Nxd5 29. Nxc4 Nxe3 30. Nxe3 Bg5 31. Nd5 Bc1 32. b4 Kf8 33. b5 Ba3 34. b6 Bc5+ 35. Kg2 Ke8 36. b7 Ba7 37. Kf3 Kd7 38. Ke4 Kc6 39. Ne7+ Kxb7 40. Nf5 Kc7 41. Nxg7 Kd7 42. Nf5 Ke6 43. Nxh6 Bf2 44. Nf5 d5+ 45. Kf3 Be1 46. Nd4+ Ke5 47. Ne2 f5 48. g5 Bh4 49. g6 Kf6 50. Nf4 Kg7 51. Nxd5 Kxg6 52. Kf4 Bg5+ 53. Ke5 f4 54. Nxf4+ Kf7 55. c4 Bf6+ 56. Kf5 Bd4 57. Nd3 Ke7 58. h4 1-0


[Site "https://www.chess.com"]

[Event "Titled Tuesday Blitz February 14 Early 2023"]
[White "Zherebtsova, Alexandra"]
[Black "De Souza, Cristiano Gomes"]
[WhiteFideId "24129518"]
[BlackFideId "2151758"]
[WhiteElo "2155"]
[BlackElo "2018"]
[Result "1-0"]
[Round "11"]
[TimeControl "180+2"]
[Date "2023.02.14"]
[WhiteClock "0:00:13"]
[BlackClock "0:00:13"]

1. d4 Nf6 2. Nf3 g6 3. c4 Bg7 4. Nc3 O-O 5. e4 d6 6. h3 e5 7. d5 Nbd7 8. Be3 Nc5 9. Nd2 a5 10. g4 h5 11. Be2 b6 12. Qc2 hxg4 13. hxg4 Nxg4 14. Bxg4 Bxg4 15. f3 Bd7 16. O-O-O f5 17. Rdg1 Kf7 18. Kb1 Rh8 19. Qd1 Qe7 20. Rxh8 Rxh8 21. Qf1 Qh4 22. Qg2 Qh5 23. Nb3 Nd3 24. Qe2 Nf4 25. Bxf4 exf4 26. exf5 Qxf5+ 27. Ne4 Re8 28. Qc2 Qe5 29. Nc1 Bf5 30. Re1 a4 31. Nd3 Qd4 32. Nxf4 a3 33. Ng5+ Kf8 34. Nfe6+ Rxe6 35. Nxe6+ Bxe6 36. dxe6 axb2 37. Qxg6 Qf6 38. e7+ Qxe7 39. Rxe7 Kxe7 40. Qxg7+ Ke6 41. Qxc7 1-0


[Site "https://www.chess.com"]

[Event "Titled Tuesday Blitz February 14 Early 2023"]
[White "Gatterer, Florian"]
[Black "Nugumanov, Bakhtiyar"]
[WhiteFideId "811688"]
[BlackFideId "13701797"]
[WhiteElo "2170"]
[BlackElo "2316"]
[Result "1/2-1/2"]
[Round "11"]
[TimeControl "180+2"]
[Date "2023.02.14"]
[WhiteClock "0:02:38"]
[BlackClock "0:02:32"]

1. e4 d6 2. d4 Nf6 3. Nc3 e5 4. Nf3 exd4 5. Nxd4 Be7 6. Be2 O-O 7. O-O c6 8. f3 a5 9. a4 Na6 10. Bg5 Nc5 11. Qd2 Re8 12. Be3 h6 13. Bc4 Bf8 14. Rfe1 d5 15. exd5 cxd5 16. Bb5 Bd7 17. Rad1 1/2-1/2


[Site "https://www.chess.com"]

[Event "Titled Tuesday Blitz February 14 Early 2023"]
[White "Larina, Maria"]
[Black "Begunov, Konstantin"]
[WhiteFideId "24113182"]
[BlackFideId "4118510"]
[WhiteElo "1948"]
[BlackElo "2325"]
[Result "1-0"]
[Round "11"]
[TimeControl "180+2"]
[Date "2023.02.14"]
[WhiteClock "0:00:34"]
[BlackClock "0:00:06"]

1. e4 c5 2. Nc3 d6 3. d4 cxd4 4. Qxd4 Nc6 5. Qd2 Nf6 6. b3 e5 7. Bb2 Be6 8. O-O-O a6 9. f3 Be7 10. g4 b5 11. h4 Qa5 12. g5 Nh5 13. Nge2 Rc8 14. Kb1 O-O 15. Nd5 Bxd5 16. Qxa5 Nxa5 17. Rxd5 f5 18. Bh3 g6 19. Rhd1 Nb7 20. exf5 gxf5 21. Rf1 Rc5 22. Rd2 b4 23. c4 bxc3 24. Bxc3 Nf4 25. Nxf4 Rxc3 26. Nd5 Rc5 27. Nxe7+ Kf7 28. Nxf5 Rd8 29. Rfd1 Kg6 30. Nxd6 Nxd6 31. Rxd6+ Rxd6 32. Rxd6+ Kf7 33. Rd7+ Kg6 34. Ra7 a5 35. Kb2 h5 36. Bf1 1-0


[Site "https://www.chess.com"]

[Event "Titled Tuesday Blitz February 14 Early 2023"]
[White "Kuchava, Ana"]
[Black "Mouhamad, Joachim"]
[WhiteFideId "13605348"]
[BlackFideId "656410"]
[WhiteElo "2101"]
[BlackElo "2238"]
[Result "0-1"]
[Round "11"]
[TimeControl "180+2"]
[Date "2023.02.14"]
[WhiteClock "0:00:04"]
[BlackClock "0:01:29"]

1. d4 d5 2. Nf3 e6 3. c4 a6 4. Nc3 dxc4 5. a4 Nc6 6. e3 Na5 7. Nd2 Nf6 8. Nxc4 Nxc4 9. Bxc4 c5 10. O-O b6 11. d5 e5 12. Qb3 Bd6 13. e4 O-O 14. Bg5 h6 15. Bh4 g5 16. Bg3 Nh5 17. Qd1 Nf4 18. Bxf4 gxf4 19. Qh5 Qf6 20. Be2 Kh7 21. Bg4 Rg8 22. Bxc8 Raxc8 23. Qf3 Rg5 24. Kh1 Rcg8 25. Rg1 Qg6 26. Ne2 Rg4 27. g3 Qh5 28. Qd3 Qh3 29. Rad1 c4 30. Qf3 R8g5 31. gxf4 Qxf3+ 0-1


[Site "https://www.chess.com"]

[Event "Titled Tuesday Blitz February 14 Early 2023"]
[White "Miszler, Levente"]
[Black "Necula, Iulian"]
[WhiteFideId "763276"]
[BlackFideId "1232380"]
[WhiteElo "2271"]
[BlackElo "1851"]
[Result "1-0"]
[Round "11"]
[TimeControl "180+2"]
[Date "2023.02.14"]
[WhiteClock "0:01:17"]
[BlackClock "0:00:13"]

1. c4 f5 2. Nc3 Nf6 3. g3 g6 4. Bg2 Bg7 5. Nf3 O-O 6. O-O d6 7. d3 e5 8. Rb1 a5 9. a3 Nc6 10. b4 axb4 11. axb4 h6 12. b5 Ne7 13. Bb2 g5 14. Ra1 Rxa1 15. Qxa1 g4 16. Nd2 b6 17. Qa7 Be6 18. Rc1 h5 19. Na2 Qb8 20. Qxb8 Rxb8 21. Nb4 f4 22. Na6 Rc8 23. Bb7 Rd8 24. Nxc7 Bf7 25. gxf4 exf4 26. Ne4 Rd7 27. Nxf6+ Bxf6 28. Bxf6 Rxc7 29. Bxe7 Rxe7 30. Be4 Rc7 31. Ra1 Kg7 32. Ra6 d5 33. cxd5 h4 34. Rxb6 h3 35. Rc6 Ra7 36. Rc1 Rb7 37. Rb1 Kf6 38. d6 Rb6 39. d7 Ke7 40. Bc6 Be6 41. Rb4 g3 42. fxg3 fxg3 43. hxg3 Bxd7 44. Bxd7 Kxd7 45. Kh2 Kd6 46. Kxh3 Kc5 47. Rb2 Kd4 48. g4 Ke3 49. g5 Kf4 50. g6 Rxg6 51. b6 Rg8 52. b7 Rb8 53. e4 Ke5 54. Kg3 Kd4 55. Rb3 Ke3 56. e5 Rg8+ 57. Kh4 Kf4 58. b8=Q 1-0


[Site "https://www.chess.com"]

[Event "Titled Tuesday Blitz February 14 Early 2023"]
[White "Sarkar, Justin"]
[Black "Barrera Rincones, Josmar Joel"]
[WhiteFideId "2010011"]
[BlackFideId "3975487"]
[WhiteElo "2309"]
[BlackElo "1399"]
[Result "0-1"]
[Round "11"]
[TimeControl "180+2"]
[Date "2023.02.14"]
[WhiteClock "0:00:01"]
[BlackClock "0:01:36"]

1. e4 Nf6 2. e5 Nd5 3. d4 Nb6 4. Nf3 d6 5. a4 a5 6. Nc3 g6 7. h3 Bg7 8. Bd3 O-O 9. Qe2 c5 10. dxc5 dxc5 11. Bf4 Nc6 12. O-O Be6 13. Rad1 Qb8 14. Rfe1 Rd8 15. Be4 Qc8 16. Rxd8+ Nxd8 17. b3 c4 18. Qe3 cxb3 19. cxb3 Bxb3 20. Qxb6 Qxc3 21. Rc1 Qb4 22. Qxb4 axb4 23. Rb1 Bxa4 24. Rxb4 Bc6 25. Bxc6 bxc6 26. Rc4 Ra6 27. Nd4 Kf8 28. Bg3 Ke8 29. f4 Kd7 30. Nb3 Ne6 31. Bf2 f6 32. exf6 exf6 33. Nc5+ Nxc5 34. Bxc5 f5 35. g4 Ra2 36. gxf5 gxf5 37. Bd4 Bf8 38. Be5 c5 39. Rc1 Kc6 0-1


[Site "https://www.chess.com"]

[Event "Titled Tuesday Blitz February 14 Early 2023"]
[White "Orujov, Elshad"]
[Black "Kalajzic, Ivan"]
[WhiteFideId "13403540"]
[BlackFideId "14506378"]
[WhiteElo "2304"]
[BlackElo "2062"]
[Result "1/2-1/2"]
[Round "11"]
[TimeControl "180+2"]
[Date "2023.02.14"]
[WhiteClock "0:00:07"]
[BlackClock "0:00:19"]

1. e4 g6 2. d4 Bg7 3. Nc3 d6 4. Be3 a6 5. a4 b6 6. f3 Bb7 7. Qd2 Nd7 8. h4 c5 9. h5 Qc7 10. hxg6 hxg6 11. Rxh8 Bxh8 12. O-O-O Rc8 13. Nge2 cxd4 14. Bxd4 Bxd4 15. Nxd4 Ngf6 16. g4 Ne5 17. g5 Nh5 18. f4 Nc4 19. Bxc4 Qxc4 20. f5 Ng3 21. fxg6 fxg6 22. Qf4 e5 23. Qxg3 exd4 24. Qxd6 dxc3 25. Qxg6+ Qf7 26. Qxf7+ Kxf7 27. Rd7+ Kg6 28. Rxb7 cxb2+ 29. Kxb2 Rc6 30. Kc1 Kxg5 31. Rf7 Rc4 32. e5 Re4 33. Rf6 Rxe5 34. Rxb6 Ra5 35. Rb4 Kf5 36. Kb2 Ke5 37. Kb3 Kd6 38. Rd4+ Kc6 39. Rc4+ Kb7 40. Rh4 Rg5 41. Rh7+ Kb6 42. Kb4 a5+ 43. Kb3 Rg4 44. c3 Rg1 45. Rh6+ Kb7 46. Kc4 Rb1 47. Rh5 Ka6 48. Rh6+ Ka7 49. Kc5 Rb8 50. Rh7+ Ka6 51. Rh6+ Ka7 52. c4 Rb4 53. Rh7+ Ka6 54. Rh6+ Ka7 55. Rh5 Rxa4 56. Kb5 Rb4+ 57. Kc5 Rb1 58. Rh7+ Ka6 59. Rh6+ Ka7 60. Rh7+ Ka6 61. Rh6+ Ka7 62. Rh7+ 1/2-1/2


[Site "https://www.chess.com"]

[Event "Titled Tuesday Blitz February 14 Early 2023"]
[White "Lauridsen, Jesper Morch"]
[Black "Loskutova, Viktoriya"]
[WhiteFideId "1401890"]
[BlackFideId "34166278"]
[WhiteElo "2309"]
[BlackElo "2153"]
[Result "1/2-1/2"]
[Round "11"]
[TimeControl "180+2"]
[Date "2023.02.14"]
[WhiteClock "0:00:23"]
[BlackClock "0:00:32"]

1. e4 c5 2. Nf3 Nc6 3. b4 cxb4 4. d4 d5 5. exd5 Qxd5 6. c4 Qh5 7. Be2 Bg4 8. d5 Ne5 9. Bf4 Nxf3+ 10. Bxf3 Bxf3 11. Qa4+ Kd8 12. gxf3 Qxf3 13. O-O Qxf4 14. Qxb4 b6 15. Nc3 e6 16. Qxf8+ Kc7 17. Nb5+ Kb7 18. Nd6+ Ka6 19. Qxa8 Qg4+ 20. Kh1 Qf3+ 21. Kg1 Qg4+ 22. Kh1 Qf3+ 23. Kg1 Qg4+ 1/2-1/2


[Site "https://www.chess.com"]

[Event "Titled Tuesday Blitz February 14 Early 2023"]
[White "Rosh Jain"]
[Black "Llanos, Guillermo"]
[WhiteFideId "25789465"]
[BlackFideId "100358"]
[WhiteElo "2248"]
[BlackElo "2290"]
[Result "0-1"]
[Round "11"]
[TimeControl "180+2"]
[Date "2023.02.14"]
[WhiteClock "0:00:02"]
[BlackClock "0:00:12"]

1. e4 Nf6 2. e5 Nd5 3. d4 d6 4. Nf3 g6 5. Bc4 Nb6 6. Bb3 Bg7 7. exd6 cxd6 8. O-O O-O 9. c3 Nc6 10. Re1 e5 11. Bg5 Qc7 12. dxe5 dxe5 13. Nbd2 Na5 14. Bc2 Be6 15. h3 f6 16. Bh4 Rad8 17. Qe2 Kh8 18. Rad1 Bxa2 19. Nxe5 fxe5 20. Bxd8 Rxd8 21. Nf3 Bc4 22. Qe4 Bd5 23. Qh4 Rd6 24. Nxe5 Bxe5 25. Rxe5 Nc6 26. Qh6 Qf7 27. Re3 Rf6 28. Qg5 Rxf2 29. Bd3 Rxg2+ 30. Qxg2 Bxg2 31. Kxg2 Nd5 32. Rf3 Nf4+ 33. Kg3 g5 34. Bc2 Ne5 35. Rff1 Qe6 36. Rfe1 Qxh3+ 37. Kf2 Qf3+ 38. Kg1 Qg2# 0-1


[Site "https://www.chess.com"]

[Event "Titled Tuesday Blitz February 14 Early 2023"]
[White "Zampronha, Wladimir Camilo"]
[Black "Georg, Heinz"]
[WhiteFideId "2103087"]
[BlackFideId "4607295"]
[WhiteElo "2176"]
[BlackElo "2107"]
[Result "1-0"]
[Round "11"]
[TimeControl "180+2"]
[Date "2023.02.14"]
[WhiteClock "0:01:01"]
[BlackClock "0:00:07"]

1. e4 e5 2. Nf3 Nc6 3. d4 exd4 4. Nxd4 Nf6 5. Nxc6 bxc6 6. e5 Qe7 7. Qe2 Nd5 8. c4 Ba6 9. b3 g6 10. f4 Bg7 11. Qf2 Nb6 12. c5 Bxf1 13. cxb6 Ba6 14. Ba3 d6 15. bxc7 c5 16. Nc3 Qxc7 17. O-O-O dxe5 18. Bxc5 Rc8 19. Ne4 Qc6 20. Nd6+ Kd7 21. Nxf7+ Ke8 22. Nd6+ Kd7 23. Nxc8+ Kxc8 24. Rd6 Qb5 25. Kb1 Kb8 26. Rhd1 e4 27. Bd4 e3 28. Qxe3 Qf5+ 29. Ka1 Bxd4+ 30. Qxd4 Rc8 31. Rxa6 1-0


[Site "https://www.chess.com"]

[Event "Titled Tuesday Blitz February 14 Early 2023"]
[White "Zaichenko, Daria"]
[Black "Davalos Prieto, Abel Justo"]
[WhiteFideId "4197453"]
[BlackFideId "5102766"]
[WhiteElo "2104"]
[BlackElo "2029"]
[Result "0-1"]
[Round "11"]
[TimeControl "180+2"]
[Date "2023.02.14"]
[WhiteClock "0:00:22"]
[BlackClock "0:00:12"]

1. e4 c5 2. Nf3 Nc6 3. d4 cxd4 4. Nxd4 Nf6 5. Nc3 d6 6. Bc4 Qb6 7. Nb3 e6 8. Be3 Qc7 9. O-O Be7 10. f4 O-O 11. a3 a6 12. Qf3 b5 13. Be2 Bb7 14. Rad1 b4 15. Na4 Nd7 16. Qg3 bxa3 17. bxa3 Na5 18. e5 Bd5 19. exd6 Bxd6 20. Nd4 Nf6 21. Bd3 Nc4 22. Bc1 Bxa3 23. Bxa3 Nxa3 24. Bxh7+ Kxh7 25. Qxa3 Rfc8 26. Qh3+ Kg8 27. Rc1 Qa7 28. c3 Rc4 29. Nb2 Rxd4 30. cxd4 Qxd4+ 31. Rf2 Ne4 32. Rf1 Nxf2 33. Rxf2 Rb8 34. Qd3 Qxd3 35. Nxd3 Rb1+ 36. Rf1 Rxf1+ 37. Kxf1 Bc4 38. Ke2 Kf8 39. Kd2 Bxd3 40. Kxd3 Ke7 41. Kc4 Kd6 42. g4 f6 43. h4 e5 44. g5 exf4 45. gxf6 gxf6 46. Kd4 a5 47. Ke4 a4 48. Kf5 a3 49. h5 a2 50. h6 a1=Q 51. Kg6 Qb1+ 52. Kg7 f3 53. h7 Qxh7+ 54. Kxh7 f2 55. Kg7 f1=Q 0-1


[Site "https://www.chess.com"]

[Event "Titled Tuesday Blitz February 14 Early 2023"]
[White "Hirneise, Jens"]
[Black "Kiseleva, Arina"]
[WhiteFideId "24614734"]
[BlackFideId "4164989"]
[WhiteElo "2277"]
[BlackElo "1962"]
[Result "1-0"]
[Round "11"]
[TimeControl "180+2"]
[Date "2023.02.14"]
[WhiteClock "0:00:35"]
[BlackClock "0:00:01"]

1. Nf3 Nf6 2. c4 e6 3. Nc3 d5 4. d4 Bb4 5. Qa4+ Nc6 6. e3 O-O 7. Bd2 Bd7 8. Qc2 Bxc3 9. bxc3 Ne4 10. Bd3 Nxd2 11. Nxd2 g6 12. h4 dxc4 13. Nxc4 Qf6 14. h5 e5 15. Nd2 exd4 16. exd4 Rae8+ 17. Kf1 Bg4 18. Ne4 Qe7 19. h6 Bf5 20. Re1 Kh8 21. Re3 Bxe4 22. Bxe4 Qd6 23. Rhh3 f5 24. Bxc6 Qxc6 25. Qe2 f4 26. Re5 Qa6 27. Qxa6 bxa6 28. Ke2 Rxe5+ 29. dxe5 Re8 30. Rd3 Rxe5+ 31. Kf3 Kg8 32. Rd7 Rf5 33. Rxc7 g5 34. c4 Rf6 35. Kg4 Rxh6 36. Kxg5 Rg6+ 37. Kxf4 Rxg2 38. f3 Rxa2 39. c5 Rc2 40. Ke4 a5 41. Kd5 Rd2+ 42. Kc6 a4 43. Rxa7 Rd4 44. Kb5 1-0


[Site "https://www.chess.com"]

[Event "Titled Tuesday Blitz February 14 Early 2023"]
[White "Sadovsky, Artem"]
[Black "Levitan, Caleb Levi"]
[WhiteFideId "4155840"]
[BlackFideId "14332620"]
[WhiteElo "2276"]
[BlackElo "2129"]
[Result "1-0"]
[Round "11"]
[TimeControl "180+2"]
[Date "2023.02.14"]
[WhiteClock "0:00:49"]
[BlackClock "0:00:04"]

1. Nf3 Nf6 2. e3 e6 3. c4 d5 4. Be2 c5 5. O-O Nc6 6. cxd5 exd5 7. d4 Bd6 8. dxc5 Bxc5 9. a3 a5 10. b3 O-O 11. Bb2 Be6 12. Nc3 Rc8 13. Nb5 h6 14. Nfd4 Nxd4 15. Nxd4 Qb6 16. Rc1 Ne4 17. Qd3 Bxd4 18. Bxd4 Qd6 19. a4 Qb4 20. Rfd1 Nc5 21. Rxc5 Rxc5 22. Bxc5 Qxc5 23. Qb5 Rc8 24. Qxc5 Rxc5 25. f3 Rc3 26. Rd3 Rxd3 27. Bxd3 d4 28. exd4 Bxb3 29. Bb5 Kf8 30. Kf2 Ke7 31. Ke3 Kd6 32. f4 f6 33. g3 Kd5 34. Kd3 b6 35. Be8 Kd6 36. Kc3 Bd1 37. Bb5 Kd5 38. Be8 Ke4 39. Bc6+ Ke3 40. d5 Bf3 41. Kc4 f5 42. Kb5 Kd4 43. d6 Be2+ 44. Kxb6 Bc4 45. d7 Kc3 46. d8=Q Kb4 47. Qc7 Kb3 48. Bb5 Bd5 49. Qxg7 h5 50. Qe5 Bf3 51. Kc5 h4 52. Qe3+ Kb2 53. Qxf3 hxg3 54. Kd4 Ka2 55. Qc3 gxh2 56. Bc4+ Kb1 57. Kd3 h1=Q 58. Qc2+ Ka1 59. Qa2# 1-0


[Site "https://www.chess.com"]

[Event "Titled Tuesday Blitz February 14 Early 2023"]
[White "Dong, Khanh Linh"]
[Black "Delorme, Axel"]
[WhiteFideId "12403040"]
[BlackFideId "632023"]
[WhiteElo "1900"]
[BlackElo "2483"]
[Result "0-1"]
[Round "11"]
[TimeControl "180+2"]
[Date "2023.02.14"]
[WhiteClock "0:00:02"]
[BlackClock "0:00:48"]

1. e4 c5 2. Nf3 d6 3. d4 cxd4 4. Nxd4 Nf6 5. Nc3 Bd7 6. Bg5 e6 7. f4 Nc6 8. Qd2 h6 9. Bxf6 Qxf6 10. O-O-O Nxd4 11. Qxd4 Qxf4+ 12. Kb1 a6 13. g3 Qe5 14. Bh3 Qxd4 15. Rxd4 Be7 16. Rhd1 Bc6 17. Bg2 Rd8 18. a4 Kd7 19. a5 Kc7 20. Na4 Bf6 21. Rb4 Be5 22. Nb6 h5 23. Nc4 h4 24. Nxe5 dxe5 25. Rd3 Rxd3 26. cxd3 hxg3 27. hxg3 Rh2 28. Bf3 Rh3 29. Kc2 Rxg3 30. Bh5 g6 31. Bd1 f5 32. exf5 exf5 33. Rh4 f4 34. Rh7+ Kd6 35. Rf7 f3 36. b4 g5 37. Kc3 g4 38. Bb3 Rg2 39. Rf6+ Ke7 40. Rf7+ Ke8 41. Rf5 f2 42. Rxe5+ Kd8 43. Rf5 g3 44. Kd4 Rg1 45. Rf8+ Ke7 46. Rf7+ Ke8 47. Rg7 f1=Q 48. Rg8+ Qf8 49. Rxf8+ Kxf8 50. Kc5 g2 51. d4 Rc1+ 52. Kb6 g1=Q 53. Ka7 Qxd4+ 54. Ka8 Qxb4 0-1


[Site "https://www.chess.com"]

[Event "Titled Tuesday Blitz February 14 Early 2023"]
[White "Shubenkova, Veronika"]
[Black "Rios Escobar, Adan"]
[WhiteFideId "44124040"]
[BlackFideId "3403645"]
[WhiteElo "1960"]
[BlackElo "2234"]
[Result "1-0"]
[Round "11"]
[TimeControl "180+2"]
[Date "2023.02.14"]
[WhiteClock "0:02:45"]
[BlackClock "0:00:01"]

1. e4 c5 2. Nc3 d6 3. g3 g6 4. Bg2 Bg7 5. d3 Nc6 6. f4 e5 7. Nf3 Nge7 8. O-O O-O 9. Be3 h6 10. Rb1 Rb8 11. Ne2 Nd4 12. c3 Nxf3+ 13. Bxf3 Bh3 14. Rf2 b5 15. Kh1 Qc7 16. Ng1 Be6 17. h3 Bxa2 18. Ra1 Be6 19. g4 f5 20. gxf5 gxf5 21. fxe5 dxe5 22. Rg2 f4 23. Bg4 Rf6 24. Bxe6+ Rxe6 25. Bf2 a6 26. Qh5 c4 27. d4 Rf8 28. Nf3 exd4 29. Bxd4 Rf7 30. Rag1 Nc6 31. Rxg7+ Rxg7 32. Rxg7+ Qxg7 33. Bxg7 Kxg7 34. Qg4+ Kf7 35. Qf5+ Ke7 36. Qc5+ Kd7 37. e5 1-0


[Site "https://www.chess.com"]

[Event "Titled Tuesday Blitz February 14 Early 2023"]
[White "Carrasco Miranda, Andres"]
[Black "Rose, Felix"]
[WhiteFideId "3405990"]
[BlackFideId "5105722"]
[WhiteElo "2240"]
[BlackElo "2091"]
[Result "1-0"]
[Round "11"]
[TimeControl "180+2"]
[Date "2023.02.14"]
[WhiteClock "0:00:07"]
[BlackClock "0:00:10"]

1. d4 d5 2. c4 e6 3. g3 Nf6 4. Bg2 dxc4 5. Nf3 a6 6. O-O Nc6 7. e3 Rb8 8. Nfd2 Na5 9. Qa4+ c6 10. Nxc4 Nxc4 11. Qxc4 Bd6 12. e4 e5 13. f4 Qb6 14. fxe5 Bxe5 15. Be3 O-O 16. Nc3 Ng4 17. Bf4 Be6 18. Qe2 Qxd4+ 19. Kh1 Bxf4 20. Rxf4 Ne5 21. Rd1 Qb4 22. Qh5 f6 23. Rh4 h6 24. Qe2 Bc4 25. Qc2 Rbd8 26. Rf1 Bd3 27. Qc1 Bxf1 28. Bxf1 Qd4 29. Rf4 Qd2 30. Qb1 Kh8 31. a3 b5 32. Bg2 Nd3 33. Rf1 Qe3 34. Qc2 Rfe8 35. b4 c5 36. bxc5 Nxc5 37. Nd5 Rxd5 38. exd5 Nd3 39. d6 Ne5 40. Qc7 Qd4 41. Re1 Re6 42. Qc8+ Kh7 43. Qxe6 Ng4 44. Be4+ g6 45. Qf7+ Kh8 46. Qe8+ Kg7 47. Qe7+ Kh8 48. Qf8+ Kh7 49. Bxg6+ Kxg6 50. Qg8+ Kh5 51. Qf7+ Kg5 52. h4+ Kf5 53. Qd7+ Kg6 54. Qe8+ Kf5 55. Qd7+ Kg6 56. Qe8+ Kf5 57. Rf1+ Nf2+ 58. Kg2 Kg4 59. Rxf2 Qe4+ 60. Qxe4+ Kh5 61. Qf5# 1-0


[Site "https://www.chess.com"]

[Event "Titled Tuesday Blitz February 14 Early 2023"]
[White "Gedgafov, Chamal"]
[Black "Harriott, Tyrell"]
[WhiteFideId "34130621"]
[BlackFideId "2086484"]
[WhiteElo "2118"]
[BlackElo "1889"]
[Result "0-1"]
[Round "11"]
[TimeControl "180+2"]
[Date "2023.02.14"]
[WhiteClock "0:00:10"]
[BlackClock "0:00:36"]

1. d4 e6 2. c4 d5 3. Nc3 f5 4. Bf4 c6 5. e3 Ne7 6. Nf3 Ng6 7. Bd3 Bd6 8. g3 O-O 9. Qb3 Be7 10. h4 Nh8 11. Rc1 Nf7 12. cxd5 exd5 13. h5 Nd6 14. Kf1 Kh8 15. Ne5 Ne4 16. Bxe4 fxe4 17. Nxe4 Nd7 18. Nd2 Nxe5 19. dxe5 Bg5 20. Kg2 Qe7 21. Nf3 Bh6 22. Nh4 Bg4 23. Qd3 Qe6 24. f3 Bxh5 25. g4 Bxf4 26. exf4 Be8 27. Qe3 d4 28. Qe4 c5 29. Nf5 Bc6 30. Qd3 g6 31. Rxh7+ Kxh7 32. Rh1+ Kg8 33. Nh6+ Kg7 34. g5 Rxf4 35. Kg3 Rxf3+ 36. Qxf3 Bxf3 37. Kxf3 Qxe5 0-1


[Site "https://www.chess.com"]

[Event "Titled Tuesday Blitz February 14 Early 2023"]
[White "Gharamian, Tigran"]
[Black "Piriflillo"]
[WhiteFideId "13301527"]
[WhiteElo "2601"]
[BlackElo "2337"]
[Result "1-0"]
[Round "11"]
[TimeControl "180+2"]
[Date "2023.02.14"]
[WhiteClock "0:00:13"]
[BlackClock "0:00:04"]

1. d4 Nf6 2. c4 e6 3. Nf3 d5 4. Nc3 Bb4 5. Qa4+ Nc6 6. e3 O-O 7. a3 Bxc3+ 8. bxc3 Re8 9. Qc2 e5 10. cxd5 Qxd5 11. c4 Qd6 12. d5 e4 13. Nd2 Ne5 14. Nxe4 Nxe4 15. Qxe4 Bd7 16. Be2 b5 17. Qc2 bxc4 18. O-O Rab8 19. Bb2 Qxd5 20. Rfd1 Nd3 21. Bc3 Bf5 22. Bf3 Qc5 23. Bd4 Qa5 24. Qxc4 Ne5 25. Bxe5 Qxe5 26. Bd5 Bg6 27. Rac1 Re7 28. g3 Rbe8 29. Bf3 Qf5 30. Bg2 Qa5 31. Rd5 Qxa3 32. Rcd1 1-0


[Site "https://www.chess.com"]

[Event "Titled Tuesday Blitz February 14 Early 2023"]
[White "Vifleemskaia, Svetlana"]
[Black "Hrabinska, Myroslava"]
[WhiteFideId "4129490"]
[BlackFideId "14109190"]
[WhiteElo "1971"]
[BlackElo "2210"]
[Result "1/2-1/2"]
[Round "11"]
[TimeControl "180+2"]
[Date "2023.02.14"]
[WhiteClock "0:00:16"]
[BlackClock "0:00:10"]

1. d4 Nf6 2. c4 e6 3. Nc3 d5 4. cxd5 exd5 5. Bg5 c6 6. e3 Bf5 7. Qf3 Bg6 8. Bxf6 Qxf6 9. Qxf6 gxf6 10. Nge2 Nd7 11. h4 Bd6 12. h5 Bd3 13. Kd2 Ba6 14. g3 f5 15. Nf4 Bxf1 16. Raxf1 Nf6 17. f3 Rg8 18. Rh3 Kd7 19. Rg1 b6 20. Nce2 c5 21. Rc1 Rac8 22. h6 a5 23. Nh5 Ke6 24. Nef4+ Bxf4 25. Nxf4+ Kd6 26. Nd3 c4 27. Ne5 Ke6 28. Ke2 b5 29. Kf2 b4 30. Rhh1 Rb8 31. Rc2 Rgc8 32. Rhc1 Rb6 33. b3 c3 34. Nd3 Nd7 35. Nf4+ Kd6 36. Rh1 Nf6 37. Nd3 Nd7 38. Nf4 Nf6 39. Nd3 Ra8 40. Nc5 Nd7 41. Na4 Rc6 42. Rh5 Ke6 43. Rg5 Nf6 44. Nc5+ Rxc5 45. dxc5 a4 46. c6 axb3 47. axb3 Rc8 48. Ke2 Rxc6 49. Kd3 Ra6 50. Kd4 Ra3 51. g4 fxg4 52. Re5+ Kd6 53. Rf5 Ke6 54. Re5+ Kd6 55. Rf5 Ke6 56. Re5+ 1/2-1/2


[Site "https://www.chess.com"]